 Dungeon Crawl Stone Soup version 0.31-a0-667-g39726597b9 (webtiles) character file.

Game seed: 12729979030745492170

156 Demosthentine the Poker (level 5, 41/41 HPs)
             Began as a Demonspawn Gladiator on Sept 3, 2023.
             Got out of the dungeon alive.
             The game lasted 00:03:10 (2608 turns).

Demosthentine the Poker (Demonspawn Gladiator)      Turns: 2608, Time: 00:03:11

Health: 41/41      AC:  7    Str: 16    XL:     5   Next: 14%
Magic:  5/5        EV: 13    Int:  9    God:
Gold:   160        SH:  5    Dex: 15    Spells: 4/4 levels left

rFire   . . .        i - +7 trident (vamp)
rCold   . . .        (no shield)
rNeg    . . .        b - +0 leather armour
rPois   .            c - +1 helmet
rElec   .            h - scarf {repulsion}
rCorr   .            (no gloves)
SInv    +            (no boots)
Will    .....        f - amulet of reflection
Stlth   +            g - ring of see invisible
HPRegen 0.26/turn    (no ring)
MPRegen 0.09/turn

%: repel missiles, reflection
@: no status effects
A: claws 1, molten scales 1, spiny 1, demonic magic 1
a: no special abilities


You escaped.
You visited 1 branch of the dungeon, and saw 3 of its levels.

You collected 160 gold pieces.

Inventory:

Hand Weapons
 i - a +7 vampiric trident (weapon)
Missiles
 d - 2 throwing nets (quivered)
 e - a javelin
Armour
 b - a +0 leather armour (worn)
 c - a +1 helmet (worn)
 h - a scarf of repulsion (worn)
Jewellery
 f - an amulet of reflection (around neck)
 g - a ring of see invisible (left claw)
Scrolls
 a - a scroll of amnesia
Potions
 l - a potion of degeneration {unknown}
 m - a potion of berserk rage {unknown}
 o - a potion of attraction {unknown}


   Skills:
 + Level 3.1 Fighting
 + Level 3.5 Polearms
 - Level 1.7 Throwing
 + Level 2.0 Armour
 + Level 3.4 Dodging


You had 4 spell levels left.
You didn't know any spells.
Your spell library contained the following spells:

 Spells                   Type           Power      Damage    Failure   Level
 Ozocubu's Armour         Ice            0%         N/A       83%         3
 Volatile Blastmotes      Fire/Tloc      0%         2d10      83%         3
 Fulminant Prism          Conj/Hex       0%         3d5       99%         4
 Iskenderun's Mystic Bla  Conj/Tloc      0%         2d3       99%         4
 Ozocubu's Refrigeration  Ice            0%         4d7       100%        7


Dungeon Overview and Level Annotations

Branches:
Dungeon (3/15)

Altars:


Innate Abilities, Weirdness & Mutations

You have sharp fingernails.
You are partially covered in molten scales. (AC +2)
You are partially covered in sharp spines.
Spells you cast may paralyse adjacent enemies.


Message History

Unknown command.
Unknown command.
Unknown command.
Unknown command.
Unknown command.
Unknown command.
Unknown command.
Unknown command.
Unknown command.
Unknown command.
Unknown command.
Unknown command.
Unknown command.
What level of the Dungeon? (default 3, ? - help)
There is an escape hatch in the ceiling here.
There is an open door here.
There is a stone staircase leading up here.
You climb upwards.
There is a stone staircase leading down here.
Natasha, Servant of Life and Death comes into view.
You reach to attack!
You closely miss Natasha.
Natasha hisses angrily.
You block Natasha's attack.
You hit Natasha.
Natasha is heavily wounded.
Natasha closely misses you.
You puncture Natasha!
You kill Natasha!
You feel Natasha's spirit has finally been put to rest.
Your Armour skill increases to level 2!
You have reached level 5!
Your demonic ancestry asserts itself...
Sharp spines emerge from parts of your body.
What level of the Dungeon? (default 1, ? - help)
You see here a +0 club.
There is a stone staircase leading up here.
You climb upwards.
There is a stone staircase leading down here.
There is a staircase leading out of the dungeon here.
You have escaped!

...# #...............#........
...######.#######.###.#.#.#####.#
.................................
#'#######P.............P#.#####.#
#.# #~P...........P~#.# #.#
#.##### #~~P.........P~~#.# #.#
#.....# #≈≈~P%......P~~≈#.# #.#
#####.# #≈≈~~P.....P≈≈≈≈#.#####.)
.# #.# #≈≈~~~P.@.P~≈≈≈≈#........
.# #.# #≈≈≈~P.....P~≈≈≈###......
.# #.# #≈~~P.......P~≈≈#........
.# #.###≈~P.........P≈≈##.......
.# #...#~P...........P~##.......
.####..##P.............P##.######
..............#..#########.#
.......##.#.#...## #.#
.####..##.#.#÷### #.#


There were no monsters in sight!

Vanquished Creatures
  Natasha (thrice) (D:2)
  Robin (D:2)
  A dart slug (D:1)
  2 orcs (D:3)
  7 ball pythons
  5 bats
  4 endoplasms
  4 giant cockroaches (D:1)
  12 goblins
  8 hobgoblins
  2 quokkas
  5 frilled lizards
  3 kobolds
  7 rats
64 creatures vanquished.

Notes
Turn   | Place    | Note
-------+----------+-------------------------------------------
     0 | D:1      | Demosthentine the Demonspawn Gladiator began the quest for
                  | the Orb.
     0 | D:1      | Reached XP level 1. HP: 16/16 MP: 1/1
   160 | D:1      | Gained mutation: You are partially covered in molten
                  | scales. (AC +2) [demonic ancestry]
   160 | D:1      | Reached XP level 2. HP: 21/22 MP: 2/2
   313 | D:1      | You fall into a shaft and drop 1 floor!
   601 | D:2      | Noticed Robin
   613 | D:2      | Reached skill level 1 in Armour
   621 | D:2      | Killed Robin
   622 | D:2      | Gained mutation: You have sharp fingernails. [demonic
                  | ancestry]
   622 | D:2      | Reached XP level 3. HP: 7/28 MP: 3/3
  1546 | D:2      | Noticed Natasha
  1549 | D:2      | Killed Natasha
  1550 | D:2      | Gained mutation: Spells you cast may paralyse adjacent
                  | enemies. [demonic ancestry]
  1550 | D:2      | Reached XP level 4. HP: 33/34 MP: 4/4
  1564 | D:2      | Noticed Natasha
  1573 | D:2      | Killed Natasha
  2518 | D:3      | Identified a scroll of acquirement
  2518 | D:3      | Acquired a +0 pair of gloves of infusion
  2584 | D:2      | Noticed Natasha
  2588 | D:2      | Killed Natasha
  2589 | D:2      | Gained mutation: You are partially covered in sharp spines.
                  | [demonic ancestry]
  2589 | D:2      | Reached XP level 5. HP: 41/41 MP: 5/5
  2608 | D:$      | Got out of the dungeon alive.

Illustrated notes

Levels and vault maps discovered:
D:1:      eino_arrival_druids_welcome, layout_basic
D:2:      layout_basic, uniq_robin, uniq_natasha
D:3:      layout_basic, minivault_27

Skill      XL: |  1  2  3  4 |
---------------+-------------+-----
Polearms       | 3 |  3.5
Armour         | 1 2 |  2.0
Dodging        | 3 |  3.4
Fighting       | 3 |  3.1
Throwing       | |  1.7

Action                     |  1- 3 |  4- 6 || total
---------------------------+-------+-------++-------
  Melee: Trident           |   106 |    33 ||   139
  Throw: Throwing net      |     2 |       ||     2
    Use: Scroll            |     5 |     2 ||     7
         Potion            |     1 |       ||     1
   Stab: Held in net/web   |     2 |       ||     2
         Sleeping          |       |     1 ||     1
 Armour: Leather armour    |    54 |     5 ||    59
  Dodge: Dodged            |    41 |    12 ||    53
  Block: Other             |     3 |     5 ||     8

Table legend: (Time is in decaauts)
 A = Elapsed time spent in this place.
 B = Non-inter-level travel time spent in this place.
 C = Inter-level travel time spent in this place.
 D = Time resting spent in this place.
 E = Time spent auto-exploring this place.
 F = Levels seen in this place.
 G = Mean time per level.
                   A        B        C        D        E       F      G
               +--------+--------+--------+--------+--------+-----+--------+
         Total |   2628 |   2489 |    139 |     53 |   2067 |   3 |  876.0 |
       Dungeon |   2628 |   2489 |    139 |     53 |   2067 |   3 |  876.0 |
               +--------+--------+--------+--------+--------+-----+--------+

Top non-repeatable levels by time:
     D:1: 951 daAuts
     D:2: 848 daAuts
     D:3: 828 daAuts
